 Dungeon Crawl Stone Soup version 0.30.0-10-gfe55d96785 (webtiles) character file.

Game seed: 83020273437489801

278 Pimp the Shooter (level 6, -1/47 HPs)
             Began as a Demonspawn Hunter on May 12, 2023.
             Succumbed to a hornet's poison
             ... while paralysed by a hornet
             ... on level 7 of the Dungeon on May 13, 2023.
             The game lasted 00:05:22 (2098 turns).

Pimp the Shooter (Demonspawn Hunter)                Turns: 2098, Time: 00:05:22

Health: -1/47      AC:  4    Str: 11    XL:     6   Next: 5%
Magic:  6/6        EV:  2    Int: 10    God:
Gold:   245        SH:  0    Dex: 19    Spells: 5/5 levels left

rFire   . . .        a - +0 shortbow
rCold   . . .        (shield currently unavailable)
rNeg    . . .        c - +0 leather armour
rPois   .            (no helmet)
rElec   .            k - +0 cloak
rCorr   +            (no gloves)
SInv    .            (no boots)
Will    .....        (no amulet)
Stlth   ++           n - ring of resist corrosion
HPRegen 0.27/turn    (no ring)
MPRegen 0.10/turn

%: no passive effects
@: paralysed, lethally poisoned (-1 -> -45), slowed
A: claws 2, ignite blood 1, hooves 1
a: no special abilities


You were on level 7 of the Dungeon.
You visited 1 branch of the dungeon, and saw 5 of its levels.

You collected 245 gold pieces.

Inventory:

Hand Weapons
 a - a +0 shortbow (weapon)
Missiles
 l - 4 throwing nets
Armour
 c - a +0 leather armour (worn)
 k - a +0 cloak (worn)
Jewellery
 n - a ring of resist corrosion (left claw)
Scrolls
 b - 3 scrolls of immolation
 f - a scroll of fear {unknown}
 j - 2 scrolls of identify
 m - a scroll of fog
Potions
 e - a potion of lignification {unknown}
 g - a potion of ambrosia {unknown}
 h - a potion of mutation
 o - a potion of degeneration {unknown}


   Skills:
 + Level 3.5 Fighting
 + Level 4.6 Ranged Weapons
 + Level 3.2 Dodging
 + Level 3.0 Stealth


You had 5 spell levels left.
You didn't know any spells.
Your spell library contained the following spells:

 Spells                   Type           Power      Damage    Failure   Level
 Anguish                  Hex/Necr       0%         N/A       99%         4
 Cause Fear               Hex            0%         N/A       99%         4
 Enfeeble                 Hex            0%         N/A       100%        7


Dungeon Overview and Level Annotations

Branches:
Dungeon (4/15)
 Temple: D:4-7

Altars:
Dithmenos
Uskayaw

Shops:
D:3 :


Innate Abilities, Weirdness & Mutations

You have very sharp fingernails.
Your demonic aura sometimes causes spilled blood to erupt in flames.
You have large cloven feet.


Message History

The hornet closely misses you. The hornet stings you.
You are more poisoned.
You feel as though you will be slow longer.
The hornet barely misses you.
You feel better. The hornet closely misses you. The hornet stings you.
You feel as though you will be slow longer.
You shoot an arrow. The arrow misses the hornet.
The hornet closely misses you. The hornet barely misses you.
The hornet stings you.
You feel as though you will be slow longer.
You are too injured to fight recklessly!
You are too injured to fight recklessly!
Unknown command.
You feel much better. The hornet barely misses you. The hornet misses you.
You shoot an arrow.
The arrow hits the hornet but does no damage.
The hornet stings you.
You are poisoned.
You feel as though you will be slow longer.
The hornet stings you!
You feel as though you will be slow longer.
The hornet stings you but does no damage.
You shoot an arrow. The arrow misses the hornet.
You feel very sick. The hornet closely misses you. The hornet stings you.
You are more poisoned.
You feel as though you will be slow longer.
The hornet stings you.
You are lethally poisoned!
You feel as though you will be slow longer.
You shoot an arrow. The arrow barely misses the hornet.
* * * LOW HITPOINT WARNING * * *
You feel extremely sick. The hornet closely misses you. The hornet misses you.
The hornet stings you.
* * * LOW HITPOINT WARNING * * *
You are more poisoned.
You suddenly lose the ability to move!
The hornet stings you.
* * * LOW HITPOINT WARNING * * *
You are more poisoned.
You feel as though you will be slow longer.
You die...

..#.##..###.#
#..# #.# #..# #.#
#..###.####
#.........####
#....#.)......
......#.#########
#.##..#.#.#####
.. ....#@.......
..........y......
# #.#...###.#####
....... ... ..#..
.### ..... . ###.
. ..


You could see a hornet.

Vanquished Creatures
  A sky beast (D:7)
  A gnoll bouda (D:7)
  7 gnolls
  5 adders
  A worm (D:2)
  2 dart slugs
  A bat (D:3)
  5 endoplasms
  2 giant cockroaches (D:1)
  2 hobgoblins
  2 jackals (D:2)
  4 quokkas
  5 ball pythons
  A frilled lizard (D:1)
  A goblin (D:2)
  3 kobolds
  4 rats
47 creatures vanquished.

Notes
Turn   | Place    | Note
-------+----------+-------------------------------------------
     0 | D:1      | Pimp the Demonspawn Hunter began the quest for the Orb.
     0 | D:1      | Reached XP level 1. HP: 16/16 MP: 1/1
    57 | D:1      | Reached skill level 1 in Stealth
   245 | D:1      | Gained mutation: You have sharp fingernails. [demonic
                  | ancestry]
   245 | D:1      | Reached XP level 2. HP: 22/22 MP: 2/2
   836 | D:2      | Reached XP level 3. HP: 28/28 MP: 3/3
   941 | D:2      | Upgraded the game from 0.30.0-5-g1a98f26d00 to
                  | 0.30.0-10-gfe55d96785
  1049 | D:2      | Reached skill level 4 in Ranged Weapons
  1286 | D:2      | Gained mutation: You have very sharp fingernails. [demonic
                  | ancestry]
  1286 | D:2      | Reached XP level 4. HP: 31/34 MP: 4/4
  1476 | D:3      | Found a shadowy altar of Dithmenos.
  1861 | D:3      | Found Bilugia's Book Shoppe.
  1903 | D:4      | You fall into a shaft and drop 3 floors!
  1910 | D:7      | Found a hide-covered altar of Uskayaw.
  1947 | D:7      | Gained mutation: You have large cloven feet. [potion of
                  | mutation]
  1955 | D:7      | Gained mutation: Your demonic aura sometimes causes spilled
                  | blood to erupt in flames. [demonic ancestry]
  1955 | D:7      | Reached XP level 5. HP: 34/41 MP: 5/5
  2008 | D:7      | Noticed a sky beast
  2013 | D:7      | Killed a sky beast
  2014 | D:7      | Reached XP level 6. HP: 47/47 MP: 6/6
  2083 | D:7      | Noticed a hornet
  2089 | D:7      | Paralysed by a hornet for 2 turns
  2097 | D:7      | Paralysed by a hornet for 3 turns
  2098 | D:7      | Succumbed to a hornet's poison

Illustrated notes

Levels and vault maps discovered:
D:1:      nzn_arrival_settlement, layout_loops_ring
D:2:      layout_rooms, chequers_garden, mrwooster_statue_mirror
D:3:      layout_basic, amethyst_overflow_temple_binary, serial_shops, shop
D:4:      layout_loops_ring, nzn_hepliaklqana_mist_gate, serial_shops, shop,
          nicolae_ossuary_entry_monument, minmay_misc_feat_ornament,
          minmay_lizard_king
D:7:      layout_basic, trog_book, nicolae_uskayaw_dance_hall,
          mainiacjoe_overflow_paths, grunt_ministairs_4,
          nicolae_wooded_promenade

Skill      XL: |  1  2  3  4  5 |
---------------+----------------+-----
Stealth        | 1 2 3 |  3.0
Dodging        | 2 3 |  3.2
Ranged Weapons | 4 |  4.6
Fighting       | 3 |  3.5

Action                     |  1- 3 |  4- 6 || total
---------------------------+-------+-------++-------
   Fire: Shortbow          |    78 |    63 ||   141
    Use: Potion            |     2 |     5 ||     7
         Scroll            |     3 |       ||     3
 Armour: Leather armour    |     6 |     2 ||     8
  Dodge: Dodged            |    19 |    45 ||    64
